 Dungeon Crawl Stone Soup version 0.19-a0-36-g4a0968a (webtiles) character file.

102 Zhenya25pyc the Shield-Bearer (level 4, -5/29 HPs)
             Began as a Gargoyle Fighter on May 4, 2016.
             Slain by Sigmund
             ... wielding a +0 scythe
              (7 damage)
             ... on level 2 of the Dungeon.
             The game lasted 00:02:18 (1847 turns).

Zhenya25pyc the Shield-Bearer (Gargoyle Fighter)    Turns: 1847, Time: 00:02:19

Health: -5/29      AC: 11    Str: 21    XL:     4   Next: 77%
Magic:  4/4        EV:  7    Int:  8    God:
Gold:   80         SH:  9    Dex:  9    Spells: 0 memorised, 3 levels left

rFire  . . .     SeeInvis .     a - +0 flail
rCold  . . .     Gourm    .     b - +0 scale mail
rNeg   + . .     Faith    .     c - +0 shield
rPois  ∞         Spirit   .     t - +0 helmet
rElec  +         Dismiss  .     (no cloak)
rCorr  .         Reflect  .     (no gloves)
SustAt .         Harm     .     (no boots)
MR     .....                    (no amulet)
Stlth  ..........               (no ring)
                                (no ring)

@: not resistant to hostile enchantments, extremely unstealthy
A: negative energy resistance 1, electricity resistance, unbreathing,
petrification resistance, rot immunity, AC +3
a: no special abilities


You were on level 2 of the Dungeon.
You were hungry.

You visited 1 branch of the dungeon, and saw 2 of its levels.

You collected 80 gold pieces.

Inventory:

Hand Weapons
 a - a +0 flail (weapon)
Armour
 b - a +0 scale mail (worn)
 c - a +0 shield (worn)
 t - a +0 helmet (worn)
Wands
 i - a wand of flame (17/48)
Scrolls
 h - 2 scrolls of identify {unknown}
 j - a scroll of amnesia {unknown}
 k - a scroll of recharging {unknown}
 l - a scroll of remove curse {unknown}
 p - a scroll of blinking {unknown}
 q - 3 scrolls of enchant weapon {unknown}
 u - a scroll of fog {unknown}
 w - a scroll of magic mapping {unknown}
Potions
 d - a potion of might
 e - a potion of berserk rage {unknown}
 m - a potion of lignification {unknown}
 n - a potion of heal wounds
 o - a potion of flight {unknown}
 r - a potion of curing {unknown}
 s - 2 potions of degeneration {unknown}
Comestibles
 f - 4 bread rations
 g - 2 slices of pizza


   Skills:
 + Level 3.7 Fighting
 * Level 3.5 Maces & Flails
 + Level 3.7 Armour
 + Level 4.0 Shields


You had 3 spell levels left.
You didn't know any spells.

Dungeon Overview and Level Annotations

Branches:
Dungeon (2/15)

Altars:
Zin

Shops:
D:2 *

Annotations:
D:2 Sigmund


Innate Abilities, Weirdness & Mutations

You are resistant to torment.
Your stone body is resilient (AC +3).
You are immune to poison.
You resist negative energy.
You are resistant to electric shocks.
You can survive without breathing.
You are immune to petrification.
You are immune to rotting.


Message History

You are feeling hungry.
Something hits you.
* * * LOW HITPOINT WARNING * * *
You closely miss something. Something hits you but does no damage.
You closely miss something.
Sigmund appears from thin air!
Reactivating autopickup.
You hit Sigmund.
Sigmund is moderately wounded.
Sigmund hits you with a scythe.
* * * LOW HITPOINT WARNING * * *
You sock Sigmund!
Sigmund is severely wounded.
You block Sigmund's attack.
You closely miss Sigmund.
Sigmund is severely wounded.
You block Sigmund's attack.
You closely miss Sigmund.
Sigmund is severely wounded.
Sigmund hits you with a scythe!
You die...

#......##.#
###.##.##.###
#.##......###
######.####......#
#.>....####.)#.#.#
#..............#.#
......#####..#.#.#
#..[..# #....#@#
#.....# #.#.##@#
###########......#
## #......#.####
.# #.####.#.#
.#####.####.#.#
..............#
.#####.####.### .#
#.####.# .#
#......#


You could see Sigmund.

Vanquished Creatures
  Robin (D:2)
  4 adders (D:2)
  2 dart slugs
  2 worms (D:2)
  2 giant geckos (D:1)
  3 bats
  3 giant cockroaches
  10 goblins
  5 hobgoblins
  3 kobolds
  2 ball pythons (D:1)
  5 giant newts
  3 rats
45 creatures vanquished.

Notes
Turn   | Place    | Note
--------------------------------------------------------------
     0 | D:1      | Zhenya25pyc the Gargoyle Fighter began the quest for the Orb.
     0 | D:1      | Reached XP level 1. HP: 14/14 MP: 1/1
   207 | D:1      | Reached XP level 2. HP: 19/19 MP: 2/2
   879 | D:1      | Reached XP level 3. HP: 20/23 MP: 3/3
  1151 | D:2      | Noticed Robin
  1195 | D:2      | Killed Robin
  1201 | D:2      | Reached XP level 4. HP: 8/29 MP: 4/4
  1513 | D:2      | Reached skill level 4 in Shields
  1720 | D:2      | Found Zin's Purification Station.
  1724 | D:2      | Found a glowing silver altar of Zin.
  1819 | D:2      | Noticed Sigmund
  1847 | D:2      | Slain by Sigmund

Vault maps used:
D:1:      dpeg_arrival_boxorama, minmay_shallow_snake_nest
D:2:      zin_purify, uniq_sigmund, uniq_crazy_yiuf_cottage, uniq_robin,
          uniq_iyjb

Skill      XL: |  1  2  3  4 |
---------------+-------------+-----
Maces & Flails | 3 |  3.5
Shields        | 4 |  4.0
Fighting       | |  3.7
Armour         | |  3.7

Action                   |  1- 3 |  4- 6 || total
-------------------------+-------+-------++-------
Melee: Flail             |   129 |    95 ||   224
  Eat: Chunk             |     1 |     2 ||     3
Armor: Scale mail        |    75 |    50 ||   125
Dodge: Dodged            |    37 |    24 ||    61
Block: Shield            |    71 |    47 ||   118
